 Dungeon Crawl Stone Soup version 0.23-a0-180-ga5275e7ff7 (webtiles) character file.

13675 Ablot the Thaumaturge (level 12, 0/91 (93) HPs)
             Began as a Gnoll Skald on Sept 18, 2018.
             Was a High Priest of Okawaru.
             Slain by a meliai (shapeshifter) (3 damage)
             ... on level 11 of the Dungeon.
             The game lasted 00:25:46 (11344 turns).

Ablot the Thaumaturge (Gnoll Skald)                Turns: 11344, Time: 00:25:47

HP:   0/91 (93)     AC:  9    Str: 17    XL:     12   Next: 8%
MP:   24/24         EV: 17    Int: 15    God:    Okawaru [*****.]
Gold: 395           SH:  0    Dex: 17    Spells: 17/28 levels left

rFire    . . .     SeeInvis .   X - +6 great mace (holy)
rCold    . . .     Gourm    .   (shield currently unavailable)
rNeg     + . .     Faith    .   T - +0 troll leather armour
rPois    +         Spirit   .   (no helmet)
rElec    .         Reflect  .   g - +2 cloak
rCorr    .         Harm     .   (no gloves)
MR       .....                  I - +0 pair of boots
Stlth    +++.......             y - amulet of magic regeneration
HPRegen  0.65/turn              O - ring of poison resistance
MPRegen  0.44/turn              P - ring of positive energy

@: no status effects
A: distributed training, fangs 1, strong nose
a: Heroism, Finesse, Renounce Religion


You were on level 11 of the Dungeon.
You worshipped Okawaru.
Okawaru was extremely pleased with you.
You were not hungry.

You visited 2 branches of the dungeon, and saw 12 of its levels.

You collected 705 gold pieces.
You spent 310 gold pieces at shops.

Inventory:

Hand Weapons
 a - a +2 trident of protection
 q - a +0 hunting sling
 s - a +4 flail of crushing
 X - a +6 great mace of holy wrath (weapon)
Missiles
 c - 564 stones
 j - 243 arrows
 r - 87 bolts
 u - 48 poisoned needles
 A - 7 throwing nets (quivered)
 E - 106 sling bullets
 V - 4 needles of sleeping
 W - 4 javelins of returning
Armour
 g - a +2 cloak (worn)
 I - a +0 pair of boots (worn)
 T - a +0 troll leather armour (worn)
Magical Staves
 K - an uncursed staff of cold
Jewellery
 y - an amulet of magic regeneration (around neck)
 B - an uncursed ring of fire
 O - a ring of poison resistance (left hand)
 P - a ring of positive energy (right hand)
Wands
 k - a wand of enslavement (21)
 n - a wand of paralysis (11)
 F - a wand of digging (12)
 J - a wand of flame (23)
 M - a wand of acid (14)
 Q - a wand of random effects (27)
 R - a wand of iceblast (5)
Scrolls
 b - a scroll of fog {unknown}
 e - 5 scrolls of identify
 f - 7 scrolls of magic mapping
 i - 8 scrolls of teleportation
 m - 4 scrolls of amnesia
 p - 7 scrolls of remove curse
 t - 3 scrolls of immolation
 v - 3 scrolls of enchant weapon
 w - 4 scrolls of blinking
 z - a scroll of random uselessness {unknown}
 D - 2 scrolls of enchant armour {unknown}
 N - a scroll of noise {unknown}
Potions
 h - 3 potions of lignification
 l - 3 potions of heal wounds
 o - 3 potions of haste
 x - a potion of flight
 C - 3 potions of might
 G - a potion of agility
 H - 4 potions of mutation
 L - 2 potions of brilliance {unknown}
 U - 3 potions of curing
Comestibles
 d - 18 rations
 S - 13 chunks of flesh


   Skills:
 + Level 8.3 Fighting
 + Level 6.8 Short Blades
 + Level 6.8 Long Blades
 + Level 6.8 Axes
 + Level 6.8 Maces & Flails
 + Level 8.3 Polearms
 + Level 6.8 Staves
 + Level 6.8 Slings
 + Level 6.8 Bows
 + Level 6.8 Crossbows
 + Level 6.8 Throwing
 + Level 7.3 Armour
 + Level 8.3 Dodging
 + Level 6.8 Stealth
 + Level 6.8 Shields
 + Level 6.8 Unarmed Combat
 + Level 8.5 Spellcasting
 + Level 5.6 Conjurations
 + Level 5.6 Hexes
 + Level 8.0 Charms
 + Level 5.6 Summonings
 + Level 5.6 Necromancy
 + Level 5.6 Translocations
 + Level 5.6 Transmutations
 + Level 5.6 Fire Magic
 + Level 5.6 Ice Magic
 + Level 5.6 Air Magic
 + Level 5.6 Earth Magic
 + Level 5.6 Poison Magic
 + Level 7.4 Invocations
 + Level 6.8 Evocations


You had 17 spell levels left.
You knew the following spells:

 Your Spells              Type           Power        Failure   Level  Hunger
a - Infusion              Chrm           ####         1%          1    None
b - Song of Slaying       Chrm           ####....     1%          2    None
c - Shroud of Golubria    Chrm/Tloc      ####......   1%          2    None
d - Regeneration          Chrm/Necr      ####......   2%          3    ##.....
e - Spectral Weapon       Hex/Chrm       ####....     2%          3    ##.....

Your spell library contained the following spells:

 Spells                   Type           Power        Failure   Level  Hunger


Dungeon Overview and Level Annotations

Branches:
Dungeon (11/15)            Temple (1/1) D:5            Lair (0/6) D:9
    Orc: D:9-12

Altars:
Ashenzari
Cheibriados
Dithmenos
Elyvilon
Fedhas
Gozag
Hepliaklqana
Kikubaaqudgha
Makhleb
Nemelex Xobeh
Okawaru
Qazlal
Ru
Sif Muna
Trog
Uskayaw
Vehumet
Wu Jian
Xom
Yredelemnul
Zin
The Shining One

Shops:
D:7 (   D:10 (


Innate Abilities, Weirdness & Mutations

Your experience applies equally to all skills.
You have very sharp teeth.
Your uncanny sense of smell can sniff out nearby items.


Message History

* * * LOW HITPOINT WARNING * * *
The vampire mosquito bites you!
* * * LOW HITPOINT WARNING * * *
The vampire mosquito draws strength from your injuries!
Something hits you but does no damage. The meliai completely misses you.
The meliai barely misses you.
You barely miss the vampire mosquito.
The vampire mosquito is moderately damaged.
You hear a shout!
The vampire mosquito bites you.
* * * LOW HITPOINT WARNING * * *
The vampire mosquito draws strength from your injuries!
The meliai hits you!
* * * LOW HITPOINT WARNING * * *
The meliai stings you.
* * * LOW HITPOINT WARNING * * *
The vampire mosquito bites you but does no damage.
Something hits you but does no damage. The meliai hits you but does no damage.
The meliai stings you.
You die...

##.........#..#####.#.#.#.#..#
##.###.####..###..........#..#
##.# #..#...##..###.#.#.#.#..#
##.####...###..##.##.#.#.##..#
....#...####.###.. ###....#
.#....###..#.# #.## ###..#
....###....#.# #.)## ####
..####)....#.# #yy{#
.....###...#)# #@#∆∆∆
..###..###...# #.###∆∆
....###..###.# #...# ####
......###..#.# #...# ###..# ∆
#.###...###..# #..####....#..#
#.# #...###..##.##......#..#
..# #... #..##....#...#..#
#..# ..#..###.....###..#..#
#..## #.# #...###.....#..#..#


You could see a vampire mosquito and a meliai.

Vanquished Creatures
  Josephine (D:11)
  Harold (D:7)
  2 two-headed ogres
  Urug (D:11)
  2 unseen horrors (D:10)
  A necromancer (D:11)
  A manticore (D:11)
  Psyche (D:11)
  Joseph (D:7)
  3 trolls
  A hornet (D:8)
  Grinder (D:6)
  2 hippogriffs
  A shadow (D:11)
  4 wraiths (D:11)
  Eustachio (D:6)
  Menkaure (D:7)
  2 wargs (D:9)
  2 acid dragons
  4 orc warriors
  2 sky beasts
  3 ice beasts
  A black bear (D:6)
  2 eyes of draining (D:10)
  A phantom (D:5)
  3 necrophages
  5 ogres
  3 centaurs
  A big kobold (D:8)
  7 bullfrogs
  A wyvern zombie (D:8)
  4 wights
  An electric eel (D:6)
  4 howler monkeys
  6 crimson imps
  7 hounds
  3 jellies
  A quasit (D:7)
  A centaur zombie (D:7)
  8 orc priests
  4 iguanas
  4 centaur skeletons
  9 orc wizards
  7 worker ants
  A polar bear simulacrum (D:11)
  A yak simulacrum (D:11)
  2 killer bee zombies
  3 hound skeletons
  A worker ant zombie (D:11)
  A howler monkey zombie (D:6)
  11 adders
  4 gnolls (D:3)
  A shadow imp (D:11)
  An ooze (D:3)
  2 worms
  3 dart slugs
  6 leopard geckos
  35 orcs
  14 giant cockroaches
  7 goblins
  4 hobgoblins
  15 jackals
  15 kobolds
  8 quokkas
  4 ball pythons
  A ball python skeleton (D:4)
  6 bats
  15 frilled lizards
  A leopard gecko zombie (D:5)
  A quokka skeleton (D:8)
  12 rats
  9 river rat simulacra (D:11)
  A plant (D:3)
306 creatures vanquished.

Vanquished Creatures (others)
  5 spectral weapons
5 creatures vanquished.

Grand Total: 311 creatures vanquished

Notes
Turn   | Place    | Note
-------+----------+-------------------------------------------
     0 | D:1      | Ablot the Gnoll Skald began the quest for the Orb.
     0 | D:1      | Reached XP level 1. HP: 20/20 MP: 6/6
   163 | D:1      | Reached XP level 2. HP: 24/26 MP: 7/7
   179 | D:1      | Learned a level 2 spell: Song of Slaying
   182 | D:1      | Learned a level 2 spell: Shroud of Golubria
   994 | D:1      | Reached XP level 3. HP: 26/31 MP: 9/9
  1005 | D:1      | Learned a level 3 spell: Regeneration
  1009 | D:1      | Learned a level 3 spell: Spectral Weapon
  1095 | D:2      | Reached skill level 5 in Spellcasting
  1171 | D:2      | Reached skill level 1 in Invocations
  1311 | D:2      | Reached skill level 1 in Short Blades
  1311 | D:2      | Reached skill level 1 in Long Blades
  1311 | D:2      | Reached skill level 1 in Axes
  1311 | D:2      | Reached skill level 1 in Maces & Flails
  1311 | D:2      | Reached skill level 1 in Staves
  1311 | D:2      | Reached skill level 1 in Slings
  1311 | D:2      | Reached skill level 1 in Bows
  1311 | D:2      | Reached skill level 1 in Crossbows
  1311 | D:2      | Reached skill level 1 in Throwing
  1311 | D:2      | Reached skill level 1 in Stealth
  1311 | D:2      | Reached skill level 1 in Shields
  1311 | D:2      | Reached skill level 1 in Unarmed Combat
  1311 | D:2      | Reached skill level 1 in Evocations
  1373 | D:2      | Reached XP level 4. HP: 31/38 MP: 11/11
  1741 | D:3      | Found a blossoming altar of Fedhas.
  1851 | D:3      | Found a bloodstained altar of Trog.
  1957 | D:3      | Reached skill level 1 in Conjurations
  1957 | D:3      | Reached skill level 1 in Hexes
  1957 | D:3      | Reached skill level 1 in Summonings
  1957 | D:3      | Reached skill level 1 in Necromancy
  1957 | D:3      | Reached skill level 1 in Translocations
  1957 | D:3      | Reached skill level 1 in Transmutations
  1957 | D:3      | Reached skill level 1 in Fire Magic
  1957 | D:3      | Reached skill level 1 in Ice Magic
  1957 | D:3      | Reached skill level 1 in Air Magic
  1957 | D:3      | Reached skill level 1 in Earth Magic
  1957 | D:3      | Reached skill level 1 in Poison Magic
  1970 | D:3      | Reached XP level 5. HP: 43/43 MP: 8/12
  2189 | D:3      | Found a shadowy altar of Dithmenos.
  2626 | D:4      | Reached XP level 6. HP: 50/50 MP: 13/13
  3213 | D:4      | Reached skill level 5 in Fighting
  3213 | D:4      | Reached skill level 5 in Polearms
  3213 | D:4      | Reached skill level 5 in Dodging
  3559 | D:4      | Reached XP level 7. HP: 56/56 MP: 11/15
  3728 | D:5      | Entered Level 5 of the Dungeon
  4067 | D:5      | Reached XP level 8. HP: 62/63 MP: 16/16
  4485 | D:5      | Found a staircase to the Ecumenical Temple.
  4497 | Temple   | Entered the Ecumenical Temple
  4833 | Temple   | Became a worshipper of Warmaster Okawaru
  5202 | D:6      | Noticed Grinder
  5217 | D:6      | Killed Grinder
  5232 | D:6      | Reached * piety under Okawaru
  5409 | D:6      | Noticed Eustachio
  5425 | D:6      | Killed Eustachio
  5461 | D:6      | Reached XP level 9. HP: 55/67 MP: 14/18
  5873 | D:6      | Found a basalt altar of Yredelemnul.
  5873 | D:6      | Found an opulent altar of Gozag.
  6239 | D:7      | Noticed Harold
  6253 | D:7      | Killed Harold
  6253 | D:7      | Reached skill level 5 in Armour
  6395 | D:7      | Found a shimmering altar of Xom.
  6406 | D:7      | Found a sparkling altar of Nemelex Xobeh.
  6407 | D:7      | Found a hazy altar of Hepliaklqana.
  6408 | D:7      | Found an ancient bone altar of Kikubaaqudgha.
  6408 | D:7      | Found a shadowy altar of Dithmenos.
  6410 | D:7      | Found a shattered altar of Ashenzari.
  6420 | D:7      | Noticed Menkaure
  6427 | D:7      | Killed Menkaure
  6427 | D:7      | Reached ** piety under Okawaru
  6427 | D:7      | Reached skill level 5 in Invocations
  6428 | D:7      | Noticed Joseph
  6444 | D:7      | Killed Joseph
  6444 | D:7      | Reached XP level 10. HP: 47/75 MP: 17/20
  7197 | D:7      | Found Cariakergh's Weapon Emporium.
  7512 | D:8      | Reached skill level 5 in Short Blades
  7512 | D:8      | Reached skill level 5 in Long Blades
  7512 | D:8      | Reached skill level 5 in Axes
  7512 | D:8      | Reached skill level 5 in Maces & Flails
  7512 | D:8      | Reached skill level 5 in Staves
  7512 | D:8      | Reached skill level 5 in Slings
  7512 | D:8      | Reached skill level 5 in Bows
  7512 | D:8      | Reached skill level 5 in Crossbows
  7512 | D:8      | Reached skill level 5 in Throwing
  7512 | D:8      | Reached skill level 5 in Stealth
  7512 | D:8      | Reached skill level 5 in Shields
  7512 | D:8      | Reached skill level 5 in Unarmed Combat
  7512 | D:8      | Reached skill level 5 in Evocations
  8043 | D:8      | Reached *** piety under Okawaru
  8869 | D:9      | Found a staircase to the Lair.
  9347 | D:10     | Entered Level 10 of the Dungeon
  9369 | D:10     | Reached **** piety under Okawaru
  9453 | D:10     | Noticed a two-headed ogre
  9463 | D:10     | Killed a two-headed ogre
  9463 | D:10     | Received a gift from Okawaru
  9463 | D:10     | Reached XP level 11. HP: 82/82 MP: 14/22
  9476 | D:10     | Found Siajyvip's Antique Weapon Emporium.
  9480 | D:10     | Bought a twisted glaive for 310 gold pieces
  9480 | D:10     | Identified the +3 glaive "Killer Bee's Curse" {antimagic,
                  | *Rage rElec rPois} (You bought it in a shop on level 10 of
                  | the Dungeon)
  9981 | D:10     | Killed an unseen horror
 10266 | D:10     | Reached skill level 5 in Conjurations
 10266 | D:10     | Reached skill level 5 in Hexes
 10266 | D:10     | Reached skill level 5 in Summonings
 10266 | D:10     | Reached skill level 5 in Necromancy
 10266 | D:10     | Reached skill level 5 in Translocations
 10266 | D:10     | Reached skill level 5 in Transmutations
 10266 | D:10     | Reached skill level 5 in Fire Magic
 10266 | D:10     | Reached skill level 5 in Ice Magic
 10266 | D:10     | Reached skill level 5 in Air Magic
 10266 | D:10     | Reached skill level 5 in Earth Magic
 10266 | D:10     | Reached skill level 5 in Poison Magic
 10414 | D:11     | Noticed Josephine
 10469 | D:10     | Killed an unseen horror
 10469 | D:10     | Reached ***** piety under Okawaru
 10667 | D:11     | Noticed Psyche
 10673 | D:11     | Killed Psyche
 10976 | D:11     | Killed Josephine
 10991 | D:11     | Received a gift from Okawaru
 11098 | D:11     | Noticed a two-headed ogre
 11107 | D:11     | Killed a two-headed ogre
 11114 | D:11     | Noticed a necromancer
 11134 | D:11     | Killed a necromancer
 11214 | D:11     | Noticed a manticore
 11227 | D:11     | Killed a manticore
 11257 | D:11     | Noticed Urug
 11266 | D:11     | Reached XP level 12. HP: 91/91 MP: 18/24
 11301 | D:11     | Killed Urug
 11337 | D:11     | Noticed an ogre mage
 11344 | D:11     | HP: 3/91 [meliai (shapeshifter) (2)]
 11344 | D:11     | Slain by a meliai (shapeshifter)

Vault maps used:
D:1:      dpeg_arrival_rhombi, hangedman_decor_points
D:2:      minmay_lizard_king
D:3:      fedhas_altar_3, lemuel_doored_altar, grunt_dithmenos_smoke_and_mirrors
D:4:      first_ration
D:5:      minmay_temple_entry_statues_pillars, kennysheep_generic_room_12
D:6:      gammafunk_temple_overflow_elements, serial_bayou_pond_b,
          minmay_liquid_box, roderic_three_in_a_row, uniq_grinder,
          uniq_eustachio
D:7:      wad_river_or_something, grunt_temple_overflow_open, serial_shops,
          kennysheep_mini, minmay_statues_item, uniq_joseph, uniq_menkaure,
          uniq_harold
D:8:      grunt_pizzeria
D:9:      erik_lair_orcish_takeover
D:10:     serial_shops, shop_statue, roderic_lattice_a
D:11:     minmay_the_grid_triangle_9x9_recursive_2, eino_house_with_fridge,
          uniq_josephine, uniq_urug, uniq_psyche
Temple:   minmay_temple_forest_path

Skill      XL: |  1  2  3  4  5  6  7  8  9 10 11 12 |
---------------+-------------------------------------+-----
Spellcasting   | 5 6 7 8 |  8.5
Invocations    | 1 2 3 4 5 6 7 |  7.4
Short Blades   | 1 2 3 4 5 6 |  6.8
Long Blades    | 1 2 3 4 5 6 |  6.8
Axes           | 1 2 3 4 5 6 |  6.8
Maces & Flails | 1 2 3 4 5 6 |  6.8
Staves         | 1 2 3 4 5 6 |  6.8
Slings         | 1 2 3 4 5 6 |  6.8
Bows           | 1 2 3 4 5 6 |  6.8
Crossbows      | 1 2 3 4 5 6 |  6.8
Throwing       | 1 2 3 4 5 6 |  6.8
Stealth        | 1 2 3 4 5 6 |  6.8
Shields        | 1 2 3 4 5 6 |  6.8
Unarmed Combat | 1 2 3 4 5 6 |  6.8
Evocations     | 1 2 3 4 5 6 |  6.8
Conjurations   | 1 2 3 4 5 |  5.6
Hexes          | 1 2 3 4 5 |  5.6
Summonings     | 1 2 3 4 5 |  5.6
Necromancy     | 1 2 3 4 5 |  5.6
Translocations | 1 2 3 4 5 |  5.6
Transmutations | 1 2 3 4 5 |  5.6
Fire Magic     | 1 2 3 4 5 |  5.6
Ice Magic      | 1 2 3 4 5 |  5.6
Air Magic      | 1 2 3 4 5 |  5.6
Earth Magic    | 1 2 3 4 5 |  5.6
Poison Magic   | 1 2 3 4 5 |  5.6
Armour         | 3 4 5 6 7 |  7.3
Fighting       | 5 6 7 8 |  8.3
Polearms       | 5 6 7 8 |  8.3
Dodging        | 5 6 7 8 |  8.3
Charms         | 6 7 8 |  8.0

Action                   |  1- 3 |  4- 6 |  7- 9 | 10-12 || total
-------------------------+-------+-------+-------+-------++-------
Melee: Spear             |    65 |       |       |       ||    65
       Bite              |    10 |    29 |    49 |    72 ||   160
       Short sword       |    85 |   301 |   268 |       ||   654
       Punch             |       |     1 |     7 |    33 ||    41
       Trident           |       |       |    42 |   519 ||   561
       Flail             |       |       |    13 |    89 ||   102
       Falchion          |       |       |    13 |       ||    13
       Great mace        |       |       |       |     9 ||     9
 Fire: Hunting sling     |       |       |       |     1 ||     1
 Cast: Shroud of Golubri |     1 |     7 |    13 |    31 ||    52
       Song of Slaying   |     1 |     4 |     3 |     9 ||    17
       Infusion          |       |     1 |     8 |    12 ||    21
       Regeneration      |       |     3 |     5 |    17 ||    25
       Spectral Weapon   |       |     1 |    14 |    24 ||    39
Invok: Heroism           |       |       |     1 |     6 ||     7
  Use: Scroll            |       |       |     3 |    15 ||    18
 Stab: Sleeping          |     2 |       |       |    10 ||    12
       Distracted        |       |       |     4 |     3 ||     7
  Eat: Chunk             |     2 |     8 |     9 |    17 ||    36
       Ration            |       |       |     1 |       ||     1
Armor: Leather armour    |    21 |       |       |       ||    21
       Ring mail         |    23 |   105 |   109 |    83 ||   320
       Troll leather arm |       |       |       |   123 ||   123
Dodge: Dodged            |   106 |   153 |   181 |   395 ||   835

Table legend:
 A = Non-vault XP
 B = Vault XP
 C = Vault XP percentage of total XP
 D = Non-vault monster count
 E = Vault monster count
 F = Vault count percentage of total count
                 A         B        C        D         E       F
            +---------+---------+-------+---------+---------+-------
      Total |   11630 |    7906 |  40.5 |     245 |      60 |  19.7
            +---------+---------+-------+---------+---------+-------
        D:1 |      37 |       0 |   0.0 |      23 |       0 |   0.0
        D:2 |      56 |      11 |  16.4 |      28 |       9 |  24.3
        D:3 |     147 |       0 |   0.0 |      28 |       0 |   0.0
        D:4 |     386 |       0 |   0.0 |      24 |       0 |   0.0
        D:5 |     953 |      43 |   4.3 |      20 |       1 |   4.8
        D:6 |     911 |     470 |  34.0 |      19 |       3 |  13.6
        D:7 |     510 |    2030 |  79.9 |      15 |      11 |  42.3
        D:8 |    1197 |     133 |  10.0 |      27 |       1 |   3.6
        D:9 |     672 |     633 |  48.5 |      13 |       9 |  40.9
       D:10 |    4140 |       0 |   0.0 |      23 |       0 |   0.0
       D:11 |    2621 |    4586 |  63.6 |      25 |      26 |  51.0
            +---------+---------+-------+---------+---------+-------
